 Dungeon Crawl Stone Soup version 0.27-a0-1060-gcb85b5eba1 (webtiles) character file.

Game seed: 13334041441632906986

8915 oldmanjim the Transmogrifier (level 11, 0/110 HPs)
             Began as a Pale Draconian Transmuter on Apr 9, 2021.
             Was a High Priest of Okawaru.
             Slain by a wolf (7 damage)
             ... on level 10 of the Dungeon on Apr 21, 2021.
             The game lasted 02:18:38 (17098 turns).

oldmanjim the Transmogrifier (DrTm)                Turns: 17098, Time: 02:18:39

Health: 0/110      AC:  6    Str: 13    XL:     11   Next: 16%
Magic:  12/21      EV: 10    Int: 16    God:    Okawaru [*****.]
Gold:   175        SH:  0    Dex: 12    Spells: 8/23 levels left

rFire    x . .     SeeInvis .     - Unarmed
rCold    + + +     Faith    .   (shield currently unavailable)
rNeg     . . .     Spirit   .   (armour unavailable)
rPois    +         Reflect  .   (helmet currently unavailable)
rElec    .         Harm     .   (cloak currently unavailable)
rCorr    .         Rampage  .   (gloves currently unavailable)
Will     +....                  (boots currently unavailable)
Stlth    +.........             (no amulet)
HPRegen  0.28/turn              v - ring of willpower
MPRegen  0.17/turn              f - ring of poison resistance

@: ice-form (expiring), studying Necromancy
A: freezing attack, amphibious, boosted hp, (breathe steam), AC +7, large,
unfitting armour, (cold-blooded), (steam resistance)
a: End Transformation, Renounce Religion, Heroism, Finesse


You were on level 10 of the Dungeon.
You worshipped Okawaru.
Okawaru was extremely pleased with you.
You were a creature of crystalline ice.
You visited 3 branches of the dungeon, and saw 13 of its levels.

You collected 541 gold pieces.
You spent 366 gold pieces at shops.

Inventory:

Hand Weapons
 a - a +0 hunting sling
 K - a +3 vorpal broad axe
Missiles
 b - 3 throwing nets
 e - 422 stones
 p - 10 curare-tipped darts
 w - 73 sling bullets
 x - 4 boomerangs
 A - 61 poisoned darts (quivered)
Armour
 s - a +0 buckler (melded)
 t - a +0 pair of gloves
 C - a +2 pair of boots of stealth (melded)
 J - the +2 pair of gloves of Valour (melded) {rElec rF- rN++}
   (You bought it in a shop on level 10 of the Dungeon)

   It makes you vulnerable to fire.
   It insulates you from electricity.
   It greatly protects you from negative energy.
Magical Staves
 l - a staff of cold
 B - a staff of death
Jewellery
 f - a ring of poison resistance (right front paw)
 j - a ring of positive energy
 o - a ring of positive energy
 v - a ring of willpower (left front paw)
Wands
 y - a wand of acid (6)
 H - a wand of polymorph (2)
 I - a wand of charming (6)
Scrolls
 c - 7 scrolls of magic mapping
 g - 3 scrolls of fear
 k - 4 scrolls of enchant armour
 n - a scroll of noise {unknown}
 q - a scroll of brand weapon {unknown}
 u - a scroll of holy word {unknown}
 F - 3 scrolls of teleportation
 L - a scroll of fog {unknown}
Potions
 d - 5 potions of haste
 h - 2 potions of flight
 i - a potion of lignification {unknown}
 m - 4 potions of attraction
 z - a potion of mutation {unknown}
 D - 3 potions of brilliance
 E - a potion of heal wounds {unknown}
 G - a potion of curing
Miscellaneous
 r - a phantom mirror


   Skills:
 - Level 7.0 Fighting
 - Level 3.0 Dodging
 - Level 4.0 Shields
 - Level 8.0 Unarmed Combat
 + Level 6.6 Spellcasting
 - Level 3.0 Translocations
 - Level 9.0 Transmutations
 - Level 3.0 Ice Magic
 - Level 3.0 Poison Magic
 - Level 6.0 Invocations


You had 8 spell levels left.
You knew the following spells:

 Your Spells              Type           Power      Damage    Failure   Level
a - Beastly Appendage     Tmut           68%        N/A       1%          1
b - Spider Form           Tmut/Pois      12%        N/A       3%          3
c - Ice Form              Ice/Tmut       24%        N/A       11%         4
d - Blink                 Tloc           N/A        N/A       5%          2
e - Hydra Form            Tmut           17%        N/A       9%          5

Your spell library contained the following spells:

 Spells                   Type           Power      Damage    Failure   Level
 Wereblood                Tmut           34%        N/A       1%          2
 Ensorcelled Hibernation  Hex/Ice        20%        N/A       11%         2
 Corona                   Hex            5%         N/A       13%         1
 Magic Dart               Conj           20%        1d4       13%         1
 Call Imp                 Summ           5%         N/A       19%         2
 Slow                     Hex            5%         N/A       19%         2
 Mephitic Cloud           Conj/Pois/Air  8%         N/A       26%         3
 Confusing Touch          Hex            5%         N/A       36%         3
 Conjure Flame            Conj/Fire      5%         6-21      36%         3
 Dazzling Flash           Conj/Hex       10%        N/A       36%         3
 Tukima's Dance           Hex            5%         N/A       36%         3


Dungeon Overview and Level Annotations

Branches:
Dungeon (11/15)            Temple (1/1) D:5            Lair (1/6) D:10
    Orc (0/2) D:9

Altars:
Ashenzari
Cheibriados
Dithmenos
Elyvilon
Fedhas
Gozag
Hepliaklqana
Kikubaaqudgha
Makhleb
Nemelex Xobeh
Okawaru
Qazlal
Ru
Sif Muna
Trog
Uskayaw
Vehumet
Wu Jian
Xom
Yredelemnul
Zin
The Shining One

Shops:
D:8 [   D:10 [


Innate Abilities, Weirdness & Mutations

You are a creature of crystalline ice.
You have a powerful freezing melee attack.
You are amphibious.
Your maximum health is increased.
Your armour is entirely melded.
You are incapable of wielding weapons or throwing items.
((You can breathe blasts of scalding, opaque steam.))
((Your pale cyan-grey scales are hard. (AC +7)))
You cannot fit into any form of body armour.
((You are cold-blooded and may be slowed by cold attacks.))
((You are immune to the effects of steam.))


Message History

You blink.
The wolf bites you but does no damage. The wolf bites you.
Casting: Blink (safe; 5% risk of failure)
Confirm with . or Enter, or press ? or * to list all spells.
You blink.
The wolf closely misses you.
Your magical contamination has completely faded away.
You punch the fungus!
The fungus begins to die.
You freeze the fungus.
The fungus is lightly damaged.
The wolf bites you.
* * * LOW HITPOINT WARNING * * *
A nearby fungus withers and dies.
The wolf bites you.
* * * LOW HITPOINT WARNING * * *
The wolf bites the plant.
The plant begins to die.
The wolf bites you.
* * * LOW HITPOINT WARNING * * *
The wolf bites you but does no damage. The wolf bites you but does no damage.
You are too injured to fight recklessly!
You completely miss the wolf.
A nearby plant withers and dies.
The wolf misses you.
You closely miss the wolf. The wolf bites you.
* * * LOW HITPOINT WARNING * * *
The wolf bites you.
* * * LOW HITPOINT WARNING * * *
You hit the wolf. You freeze the wolf.
The wolf is moderately wounded.
The wolf misses you.
You hit the wolf. You freeze the wolf.
The wolf is severely wounded.
The wolf bites you.
* * * LOW HITPOINT WARNING * * *
The wolf bites you!
* * * LOW HITPOINT WARNING * * *
Casting: Blink (safe; 5% risk of failure)
Confirm with . or Enter, or press ? or * to list all spells.
You blink.
Your transformation is almost over.
The wolf bites you!
You die...

#.##### #.#.##.# #.# #.#....# #.#
########.####.## #.#
#.....##........ #.#
###.....##......#.
#.####.h.....###.###.#.
#....#h#.....# #.##..#.
#....#h#.h...####.....#
###...#Y##h.#.##........
#>......##.##.#.........
#.##.#..##.##h...P......
#.##.#.....l.hl..)..>)..
#.##.......###..........
#.####........#......... ###
#####.####.)##.##.##....)...
#.####..........)......####.....#
........####.###)##.##.# ###..##


You could see 3 wolves.

Vanquished Creatures
  Erolcha (D:9)
  A manticore (D:7)
  An elephant (D:10)
  Maggie (D:6)
  A kobold demonologist (D:8)
  A troll (D:9)
  A vampire (D:8)
  2 wraiths (D:10)
  8 yaks
  2 shadows
  A wyvern (D:10)
  A basilisk (D:10)
  A water moccasin (D:9)
  4 orc warriors
  2 black bears
  2 sky beasts (D:7)
  3 necrophages
  9 centaurs
  2 ogres
  A phantom (D:7)
  9 kobold brigands
  3 bullfrogs
  2 wyvern skeletons (D:7)
  A water moccasin skeleton (D:6)
  3 wights (D:6)
  5 howler monkeys
  2 centaur zombies (D:7)
  3 bullfrog zombies (D:5)
  3 gnoll shamans
  2 orc priests
  A hound (D:6)
  A centaur skeleton (D:3)
  4 iguanas
  6 orc wizards
  A hound zombie (D:5)
  2 howler monkey zombies
  42 gnolls
  4 adders
  2 shadow imps (D:8)
  A white imp (D:6)
  An ufetubus (D:5)
  A worm (D:3)
  A dart slug (D:2)
  30 orcs
  4 endoplasms
  A giant cockroach (D:2)
  7 goblins
  3 hobgoblins
  28 jackals
  6 quokkas
  4 ball pythons
  5 bats
  37 kobolds
  8 kobold skeletons (D:8)
  10 kobold zombies (D:8)
  2 rats
290 creatures vanquished.

Vanquished Creatures (others)
  An orc wizard (D:9)
  A fungus (D:10)
  8 plants
10 creatures vanquished.

Grand Total: 300 creatures vanquished

Notes
Turn   | Place    | Note
-------+----------+-------------------------------------------
     0 | D:1      | oldmanjim the Draconian Transmuter began the quest for the
                  | Orb.
     0 | D:1      | Reached XP level 1. HP: 16/16 MP: 3/3
   469 | D:1      | Reached XP level 2. HP: 20/24 MP: 5/5
   985 | D:2      | Found a radiant altar of Vehumet.
  1051 | D:2      | Reached XP level 3. HP: 8/30 MP: 4/6
  2278 | D:2      | Learned a level 3 spell: Spider Form
  2461 | D:3      | Found a faded altar of an unknown god.
  2467 | D:3      | Reached XP level 4. HP: 37/38 MP: 5/7
  2929 | D:3      | Reached skill level 1 in Poison Magic
  2991 | D:3      | Reached skill level 3 in Transmutations
  3300 | D:3      | Reached XP level 5. HP: 45/45 MP: 8/8
  3784 | D:3      | Upgraded the game from 0.27-a0-909-g0721f309d1 to
                  | 0.27-a0-920-gb2bd10914a
  4388 | D:3      | Reached XP level 6. HP: 49/51 MP: 5/9
  4435 | D:3      | Reached skill level 4 in Transmutations
  4670 | D:3      | Learned a level 4 spell: Ice Form
  5056 | D:3      | Your scales start taking on a pale cyan-grey colour.
  5056 | D:3      | Reached XP level 7. HP: 39/58 MP: 9/11
  5056 | D:3      | Gained mutation: You are immune to the effects of steam.
                  | [Pale Draconian growth]
  6087 | D:3      | Reached skill level 5 in Unarmed Combat
  6441 | D:4      | Noticed a +0 hand axe
  6442 | D:4      | Found a hide-covered altar of Uskayaw.
  6463 | D:4      | Reached skill level 1 in Ice Magic
  6498 | D:4      | Reached skill level 5 in Fighting
  6541 | D:4      | Noticed a +0 hand axe
  7125 | D:5      | Entered Level 5 of the Dungeon
  7126 | D:5      | Upgraded the game from 0.27-a0-920-gb2bd10914a to
                  | 0.27-a0-931-g5a74e75d8f
  7164 | D:5      | Reached skill level 1 in Shields
  7313 | D:5      | Found a staircase to the Ecumenical Temple.
  7321 | Temple   | Entered the Ecumenical Temple
  7407 | Temple   | Became a worshipper of Warmaster Okawaru
  7435 | D:5      | Reached XP level 8. HP: 54/68 MP: 8/12
  8636 | D:6      | Reached skill level 5 in Transmutations
  8720 | D:6      | Noticed Maggie
  8728 | D:6      | Killed Maggie
  8728 | D:6      | Reached * piety under Okawaru
  8729 | D:6      | Reached skill level 6 in Transmutations
  8959 | D:6      | Reached XP level 9. HP: 52/74 MP: 11/15
  8978 | D:6      | Reached skill level 1 in Invocations
 10066 | D:7      | Reached ** piety under Okawaru
 10067 | D:7      | Reached skill level 5 in Spellcasting
 10212 | D:7      | Noticed a manticore
 10218 | D:7      | Killed a manticore
 10487 | D:7      | Learned a level 2 spell: Blink
 10893 | D:7      | Reached skill level 5 in Invocations
 10964 | D:7      | Reached skill level 1 in Translocations
 11148 | D:8      | Found Olaxacom's Antique Armour Shop.
 11152 | D:8      | Bought a pair of glowing boots for 157 gold pieces
 11275 | D:8      | You fall into a shaft and drop 2 floors!
 11275 | D:10     | Entered Level 10 of the Dungeon
 11313 | D:10     | Reached *** piety under Okawaru
 11314 | D:10     | Reached XP level 10. HP: 10/83 MP: 12/17
 11351 | D:10     | HP: 4/83 [yak (5)]
 11766 | D:9      | Found a staircase to the Orcish Mines.
 11907 | D:8      | Reached skill level 7 in Transmutations
 12096 | D:8      | Noticed a death knight
 12774 | D:6      | Upgraded the game from 0.27-a0-931-g5a74e75d8f to
                  | 0.27-a0-1060-gcb85b5eba1
 13515 | D:8      | Reached **** piety under Okawaru
 13793 | D:8      | Found an ancient bone altar of Kikubaaqudgha.
 14400 | D:9      | Noticed Erolcha
 14862 | D:9      | Reached skill level 8 in Transmutations
 15279 | D:9      | Killed Erolcha
 15279 | D:9      | Reached ***** piety under Okawaru
 15286 | D:9      | Learned a level 5 spell: Hydra Form
 15777 | D:9      | Reached XP level 11. HP: 92/92 MP: 20/20
 15924 | D:10     | Found Jaoteut's Antique Armour Shop.
 15932 | D:10     | Bought a pair of heavily runed gloves for 209 gold pieces
 15932 | D:10     | Identified the +2 pair of gloves of Valour {rElec rF- rN++}
                  | (You bought it in a shop on level 10 of the Dungeon)
 15967 | D:10     | Found a staircase to the Lair.
 15999 | D:10     | Received a gift from Okawaru
 16826 | D:10     | Reached skill level 9 in Transmutations
 17049 | D:11     | Noticed a two-headed ogre
 17066 | Lair:1   | Entered Level 1 of the Lair of Beasts
 17091 | D:10     | HP: 5/110 [wolf (11)]
 17098 | D:10     | Slain by a wolf

Illustrated notes

Levels and vault maps discovered:
D:1:      scummos_arrival_checkerplants, layout_basic
D:2:      layout_loops_ring, basic_altar, minmay_between
D:3:      lemuel_castle_with_subvaults [lemuel_castle_interior_carwin_3],
          layout_basic, basic_ecumenical_altar, skrybe_limestone_x
D:4:      layout_loops_ring, dancing_weapons_uskayaw
D:5:      layout_loops_ring, minmay_temple_entry_stoned_glass
D:6:      layout_loops_ring, minivault_22, minmay_stone_trees_small,
          amcnicky_mini_rare_corridor_liquid, uniq_maggie
D:7:      layout_loops_ring, chequers_hall_statues_wall_a, minivault_19,
          grunt_ministairs_6
D:8:      wander_kiku_kobolds, layout_rooms, serial_shops, shop, minivault_11,
          glass_columns_b, minmay_manual_moon
D:9:      layout_basic, orc_0_dummy, serial_co_window_serial, co_window_paths_a,
          co_window_paths_a, co_window_corner_a, co_window_paths_b,
          co_window_paths_a, co_window_corner_cb, co_window_2corner,
          co_window_2corner, co_window_paths_c, co_window_sun, glass_columns_a,
          glass_columns_a, uniq_erolcha
D:10:     layout_loops_cross, david_lair_generic, serial_shops,
          nicolae_shop_overgrown_old_shop
D:11:     layout_rooms
Temple:   dpeg_three_leaves_temple
Lair:1:   layout_regular_city, infiniplex_staircase_pool, uniq_fannar

Skill      XL: |  1  2  3  4  5  6  7  8  9 10 11 |
---------------+----------------------------------+-----
Fighting       | 2 3 5 6 7 |  7.0
Poison Magic   | 1 3 |  3.0
Transmutations | 3 4 6 8 9 |  9.0
Unarmed Combat | 4 5 6 7 8 |  8.0
Spellcasting   | 3 4 5 6 |  6.6
Ice Magic      | 2 3 |  3.0
Shields        | 1 4 |  4.0
Dodging        | 2 3 |  3.0
Invocations    | 5 6 |  6.0
Translocations | 2 3 |  3.0

Action                   |  1- 3 |  4- 6 |  7- 9 | 10-12 || total
-------------------------+-------+-------+-------+-------++-------
Melee: Unarmed           |    62 |   109 |   184 |   307 ||   662
       Kick              |     6 |    19 |     1 |    27 ||    53
       Headbutt          |     4 |    10 |     2 |    10 ||    26
       Tailslap          |     3 |     2 |     5 |    13 ||    23
 Fire: Hunting sling     |    62 |   170 |    95 |       ||   327
Throw: Dart              |       |     2 |       |     3 ||     5
       Boomerang         |       |       |       |    13 ||    13
 Cast: Beastly Appendage |    14 |    14 |     5 |    19 ||    52
       Spider Form       |       |     7 |    26 |     2 ||    35
       Ice Form          |       |       |     5 |     9 ||    14
       Hydra Form        |       |       |       |     5 ||     5
       Blink             |       |       |       |     3 ||     3
Invok: Heroism           |       |       |       |     1 ||     1
 Abil: Breathe Steam     |       |       |    29 |    21 ||    50
  Use: Scroll            |     6 |       |     1 |     5 ||    12
Armor: Skin              |    25 |    31 |    35 |   101 ||   192
Dodge: Dodged            |    77 |   121 |   205 |   146 ||   549
Block: Buckler           |       |       |    10 |    36 ||    46

Table legend: (Time is in decaauts)
 A = Elapsed time spent in this place.
 B = Non-inter-level travel time spent in this place.
 C = Inter-level travel time spent in this place.
 D = Time resting spent in this place.
 E = Time spent auto-exploring this place.
 F = Levels seen in this place.
 G = Mean time per level.
                   A        B        C        D        E       F      G
               +--------+--------+--------+--------+--------+-----+--------+
         Total |  17078 |  16627 |    451 |   4554 |   8051 |  13 | 1313.7 |
       Dungeon |  16976 |  16553 |    423 |   4554 |   7987 |  11 | 1543.3 |
        Temple |     94 |     66 |     28 |      0 |     64 |   1 |   94.0 |
          Lair |      7 |      7 |      0 |      0 |      0 |   1 |    7.0 |
               +--------+--------+--------+--------+--------+-----+--------+

Top non-repeatable levels by time:
     D:3: 3560 daAuts
     D:7: 1885 daAuts
     D:2: 1844 daAuts
    D:10: 1758 daAuts
     D:8: 1708 daAuts
     D:6: 1706 daAuts
     D:9: 1575 daAuts
     D:5: 1186 daAuts
     D:1: 951 daAuts
     D:4: 797 daAuts
  Temple: 94 daAuts
  Lair:1: 7 daAuts
    D:11: 1 daAuts
